NEW YORK Rangers vs WASHINGTON Capitals

Created - 26 février 2024 at 23:15

Goals
1 2 3 T
NEW YORK Rangers 2 0 2 4
WASHINGTON Capitals 1 1 0 2
Shots
1 2 3 T
NEW YORK Rangers 9 4 14 27
WASHINGTON Capitals 9 11 5 25

1st period

1. WASHINGTON Capitals , Mario Ferraro 4 (Torey Krug 7, Matt Duchene 9) at 1:23 (PP)
2. NEW YORK Rangers , Brayden Schenn 6 (Timo Meier 10, Jared Spurgeon 19) at 13:06
3. NEW YORK Rangers , Mats Zuccarello 10 (Jamie Benn 30, Cam Fowler 14) at 13:14

Penalties :
Tyler Myers (NYR) for Delaying the game (Minor) at 1:19, Dante Fabbro (NYR) for Roughing (Minor) at 2:11, Jacob Middleton (NYR) for Delaying the game (Minor) at 4:40, Dante Fabbro (NYR) for Unsportsmanlike conduct (Minor) at 9:59

2nd period

4. WASHINGTON Capitals , Casey Mittelstadt 7 (Matt Duchene 10, John Carlson 18) at 13:52

Penalties :
Jacob Middleton (NYR) for Hooking (Minor) at 5:17, Chris Kreider (NYR) for High sticking (Minor) at 11:01, Jacob Middleton (NYR) for Roughing (Minor) at 16:54, Jacob Middleton (NYR) for Slashing (Minor) at 19:13

3rd period

5. NEW YORK Rangers , Casey Cizikas 3 (Ryan Lomberg 1, Chris Kreider 13) at 10:00
6. NEW YORK Rangers , Vladislav Namestnikov 1 (Jared Spurgeon 20) at 15:09

Penalties :
Jamie Benn (NYR) for Roughing (Minor) at 6:24, Ivan Barbashev (WSH) for Tripping (Minor) at 7:57

Goalie Stats

Linus Ullmark (NYR), 23 saves from 25 shots - (0,920), W, 16-5-3, 60:00 minutes
Chris Driedger (WSH), 23 saves from 27 shots - (0,852), L, 0-1-0, 60:00 minutes

Players Stats for NEW YORK Rangers

Player Name              G  A  P  +/- PIM S  H  SB GA TA FO     MP     PP MP  PK MP  
------------------------------------------------------------------------------------
Andrew Copp              0  0  0  -1  0   0  0  0  0  0  1/4    11:33   0:54   1:55 
Brayden Schenn           1  0  1   1  0   3  4  0  0  0  6/21   20:52   0:39   6:23 
Cam Fowler               0  1  1   1  0   0  0  2  0  0  0/0    21:32   0:39   6:43 
Casey Cizikas            1  0  1   2  0   1  0  0  0  0  3/8     5:10   0:00   0:00 
Chris Kreider            0  1  1   1  2   1  1  0  0  0  0/0    24:06   0:48   7:40 
Conor Garland            0  0  0   1  0   3  0  0  0  0  0/1    13:24   0:00   0:00 
Dante Fabbro             0  0  0   1  4   1  3  2  0  0  0/0    13:18   0:00   0:00 
Jacob Middleton          0  0  0   1  8   0  4  1  0  0  0/0    13:20   0:00   0:04 
Jamie Benn               0  1  1   1  2   3  3  0  0  0  17/29  24:02   0:54   7:56 
Jared Spurgeon           0  2  2   1  0   3  1  3  0  0  0/0    25:08   0:54   8:47 
Justin Faulk             0  0  0   1  0   2  1  7  0  0  0/0    25:08   0:54   8:47 
Kasperi Kapanen          0  0  0  -1  0   2  3  0  0  0  0/0     9:23   0:39   0:00 
Kirill Marchenko         0  0  0  -1  0   0  0  0  0  0  0/0     8:44   0:00   0:00 
Mats Zuccarello          1  0  1   1  0   3  0  0  0  0  0/1    15:24   0:00   0:11 
Ryan Lomberg             0  1  1   2  0   0  2  0  0  0  0/0     5:10   0:00   0:00 
Timo Meier               0  1  1   1  0   4  1  0  0  0  1/2    18:44   0:39   4:41 
Tyler Myers              0  0  0   1  2   0  6  2  0  0  0/0    21:27   0:39   6:39 
Vladislav Namestnikov    1  0  1   2  0   1  0  0  0  0  0/1     7:30   0:06   2:14 

Players Stats for WASHINGTON Capitals

Player Name              G  A  P  +/- PIM S  H  SB GA TA FO     MP     PP MP  PK MP  
------------------------------------------------------------------------------------
Barrett Hayton           0  0  0  -1  0   0  1  0  0  0  1/5     8:01   0:58   0:28 
Brock Boeser             0  0  0  -2  0   1  0  0  0  0  1/2    20:03   8:55   0:00 
Carson Soucy             0  0  0  -2  0   2  3  0  0  0  0/0    13:57   0:58   0:43 
Casey Mittelstadt        1  0  1  -2  0   1  1  1  0  0  0/0    11:36   0:00   0:28 
Christian Dvorak         0  0  0   0  0   0  0  0  0  0  7/10   12:18   0:58   1:05 
Ian Cole                 0  0  0  -1  0   1  3  0  0  0  0/0    15:59   0:58   0:50 
Ivan Barbashev           0  0  0   0  2   2  4  0  0  0  0/0    21:07   6:34   0:00 
Jason Dickinson          0  0  0   0  0   0  1  0  0  0  1/1    10:15   0:00   0:00 
John Carlson             0  1  1   0  0   2  0  2  0  0  0/0    25:27   7:27   0:50 
Kevin Shattenkirk        0  0  0   0  0   1  3  0  0  0  0/0    24:37   7:27   0:00 
Mario Ferraro            1  0  1  -2  0   2  2  1  0  0  0/0    19:24   7:05   0:43 
Matt Duchene             0  2  2  -2  0   0  2  0  0  0  14/23  18:17   7:09   0:00 
Pavel Buchnevich         0  0  0   0  0   3  2  0  0  0  1/3    22:22   7:23   0:00 
Ross Colton              0  0  0  -1  0   1  0  0  0  0  0/0     6:35   0:00   0:00 
Ryan Strome              0  0  0   0  0   3  0  0  0  0  0/0    17:24   7:09   0:00 
Sam Steel                0  0  0  -1  0   1  0  0  0  0  2/2     6:35   0:00   0:00 
Torey Krug               0  1  1  -1  0   0  0  0  0  0  0/0    20:36   7:05   0:00 
William Karlsson         0  0  0   0  0   5  0  1  0  0  12/21  23:27   7:23   1:05 

3 Stars

1 - Brayden Schenn (NYR)
2 - Jared Spurgeon (NYR)
3 - Vladislav Namestnikov (NYR)

Power Play

NEW YORK Rangers - 0 on 1 Attempt(s) - 0,00%
WASHINGTON Capitals - 1 on 9 Attempt(s) - 11,11%

Penalty Kill

NEW YORK Rangers - 8 on 9 Attempt(s) - 88,89% - Score 0 goal in Penalty Kill
WASHINGTON Capitals - 1 on 1 Attempt(s) - 100,00% - Score 0 goal in Penalty Kill

Team Stat

NEW YORK Rangers - Hits : 29 - Faceoff Wins : 28 - Blocked Shots : 17 - Penalty Minutes : 18
WASHINGTON Capitals - Hits : 22 - Faceoff Wins : 39 - Blocked Shots : 5 - Penalty Minutes : 2

Official

Referees : Jacob Brenk and Chelsea Rapin
Linesman : Ryan Daisy and Greg Devorski

Game Notes

No Game Note

Finance

Level 1 -- Attendance: 5080 (84,67%) -- Ticket Income $508,000
Level 2 -- Attendance: 4094 (81,88%) -- Ticket Income $245,640
Level 3 -- Attendance: 1722 (86,10%) -- Ticket Income $68,880
Level 4 -- Attendance: 2786 (69,65%) -- Ticket Income $69,650
Luxury Box -- Attendance: 723 (72,30%) -- Ticket Income $144,600
Game was played at the Verizon Center.
Total Attendance: 14405 (80,03%)
Total Ticket Income: $1,036,770
Other Income: $259,192
Total Income: $1,295,962

NEW YORK Rangers

5 vs 5 Forward 
   Center                   Left Wing                Right Wing               Time % Phy DF OF 
 1 Jamie Benn               Chris Kreider            Mats Zuccarello          40     1   2  2  
 2 Brayden Schenn           Timo Meier               Conor Garland            30     1   2  2  
 3 Andrew Copp              Kasperi Kapanen          Kirill Marchenko         20     1   3  1  
 4 Casey Cizikas            Ryan Lomberg             Vladislav Namestnikov    10     3   2  0  

5 vs 5 Defense 
   Defense                  Defense                                           Time % Phy DF OF 
 1 Jared Spurgeon           Justin Faulk                                      40     0   3  2  
 2 Cam Fowler               Tyler Myers                                       33     1   3  1  
 3 Jacob Middleton          Dante Fabbro                                      26     2   2  1  
 4 Jared Spurgeon           Justin Faulk                                      1      1   2  2  

PowerPlay Forward 
   Center                   Left Wing                Right Wing               Time % Phy DF OF 
 1 Jamie Benn               Chris Kreider            Andrew Copp              60     1   2  2  
 2 Brayden Schenn           Timo Meier               Kasperi Kapanen          40     1   2  2  

PowerPlay Defense
   Defense                  Defense                                           Time % Phy DF OF 
 1 Jared Spurgeon           Justin Faulk                                      60     1   2  2  
 2 Cam Fowler               Tyler Myers                                       40     1   2  2  

Penalty Kill 4 Players Forward 
   Center                   Wing                     Time % Phy DF OF 
 1 Jamie Benn               Chris Kreider            60     1   2  2  
 2 Brayden Schenn           Timo Meier               40     1   2  2  

Penalty Kill 4 Players Defense
   Defense                  Defense                  Time % Phy DF OF 
 1 Jared Spurgeon           Justin Faulk             60     1   2  2  
 2 Cam Fowler               Tyler Myers              40     1   2  2  

Penalty Kill - 3 Players Forward 
   Forward                                           Time % Phy DF OF 
 1 Jamie Benn                                        60     1   2  2  
 2 Brayden Schenn                                    40     1   2  2  

Penalty Kill - 3 Players Defense
   Defense                  Defense                  Time % Phy DF OF 
 1 Jared Spurgeon           Justin Faulk             60     1   2  2  
 2 Cam Fowler               Tyler Myers              40     1   2  2  

4 vs 4 Forward 
   Center                   Wing                     Time % Phy DF OF 
 1 Jamie Benn               Chris Kreider            60     1   2  2  
 2 Brayden Schenn           Timo Meier               40     1   2  2  

4 vs 4 Defense
   Defense                  Defense                  Time % Phy DF OF 
 1 Jared Spurgeon           Justin Faulk             60     1   2  2  
 2 Cam Fowler               Tyler Myers              40     1   2  2  

Last Minutes Offensive
   Center                   Left Wing                Right Wing               Defense                  Defense                  
   Jamie Benn               Chris Kreider            Andrew Copp              Jared Spurgeon           Justin Faulk             

Last Minutes Defensive
   Center                   Left Wing                Right Wing               Defense                  Defense                  
   Jamie Benn               Chris Kreider            Andrew Copp              Jared Spurgeon           Justin Faulk             

Goaltenders
Starting : Linus Ullmark            
Backup : Eric Comrie              

Extra Forwards
Normal : Brayden Schenn, Andrew Copp, Conor Garland - PP : Brayden Schenn, Andrew Copp - PK : Brayden Schenn
Extra Defensemen
Normal : Tyler Myers, Jacob Middleton, Dante Fabbro - PP : Tyler Myers - PK : Tyler Myers, Jacob Middleton
Penalty Shots
Jamie Benn, Chris Kreider, Timo Meier, Mats Zuccarello, Brayden Schenn

Scratches
Mason Shaw (Healthy)

WASHINGTON Capitals

5 vs 5 Forward 
   Center                   Left Wing                Right Wing               Time % Phy DF OF 
 1 William Karlsson         Ivan Barbashev           Pavel Buchnevich         40     1   2  2  
 2 Matt Duchene             Casey Mittelstadt        Brock Boeser             30     1   2  2  
 3 Christian Dvorak         Jason Dickinson          Ryan Strome              20     1   2  2  
 4 Barrett Hayton           Ross Colton              Sam Steel                10     3   2  0  

5 vs 5 Defense 
   Defense                  Defense                                           Time % Phy DF OF 
 1 John Carlson             Kevin Shattenkirk                                 40     0   4  1  
 2 Ian Cole                 Torey Krug                                        30     0   4  1  
 3 Mario Ferraro            Carson Soucy                                      20     1   3  1  
 4 Torey Krug               John Carlson                                      10     0   4  1  

PowerPlay Forward 
   Center                   Left Wing                Right Wing               Time % Phy DF OF 
 1 William Karlsson         Pavel Buchnevich         Brock Boeser             60     1   0  4  
 2 Matt Duchene             Ivan Barbashev           Ryan Strome              40     1   0  4  

PowerPlay Defense
   Defense                  Defense                                           Time % Phy DF OF 
 1 John Carlson             Kevin Shattenkirk                                 70     0   1  4  
 2 Mario Ferraro            Torey Krug                                        30     0   1  4  

Penalty Kill 4 Players Forward 
   Center                   Wing                     Time % Phy DF OF 
 1 William Karlsson         Ivan Barbashev           60     1   4  0  
 2 Jason Dickinson          Pavel Buchnevich         40     1   4  0  

Penalty Kill 4 Players Defense
   Defense                  Defense                  Time % Phy DF OF 
 1 John Carlson             Ian Cole                 60     0   5  0  
 2 Mario Ferraro            Carson Soucy             40     0   5  0  

Penalty Kill - 3 Players Forward 
   Forward                                           Time % Phy DF OF 
 1 William Karlsson                                  60     0   5  0  
 2 Jason Dickinson                                   40     0   5  0  

Penalty Kill - 3 Players Defense
   Defense                  Defense                  Time % Phy DF OF 
 1 Ian Cole                 Mario Ferraro            60     0   5  0  
 2 John Carlson             Carson Soucy             40     0   5  0  

4 vs 4 Forward 
   Center                   Wing                     Time % Phy DF OF 
 1 William Karlsson         Pavel Buchnevich         60     1   2  2  
 2 Matt Duchene             Brock Boeser             40     1   2  2  

4 vs 4 Defense
   Defense                  Defense                  Time % Phy DF OF 
 1 John Carlson             Kevin Shattenkirk        60     1   2  2  
 2 Mario Ferraro            Torey Krug               40     1   2  2  

Last Minutes Offensive
   Center                   Left Wing                Right Wing               Defense                  Defense                  
   Matt Duchene             Pavel Buchnevich         Brock Boeser             John Carlson             Kevin Shattenkirk        

Last Minutes Defensive
   Center                   Left Wing                Right Wing               Defense                  Defense                  
   William Karlsson         Jason Dickinson          Pavel Buchnevich         John Carlson             Mario Ferraro            

Goaltenders
Starting : Chris Driedger           
Backup : Scott Wedgewood          

Extra Forwards
Normal : Pavel Buchnevich, Matt Duchene, William Karlsson - PP : William Karlsson, Brock Boeser - PK : Christian Dvorak
Extra Defensemen
Normal : Carson Soucy, Kevin Shattenkirk, Mario Ferraro - PP : John Carlson - PK : Ian Cole, Torey Krug
Penalty Shots
Matt Duchene, Pavel Buchnevich, Ivan Barbashev, William Karlsson, Ross Colton

Scratches
Matt Grzelcyk (Healthy)

% Time on Ice - NEW YORK Rangers

Lines # - Real PCT - Wanted PCT - Time Play
Normal Forward
1 - 36% - 40% - 15:13
2 - 32% - 30% - 13:24
3 - 21% - 20% - 8:44
4 - 12% - 10% - 5:10
Normal Defense
1 - 36% - 40% - 15:09
2 - 33% - 33% - 14:02
3 - 31% - 26% - 13:20
4 - 0% - 1% - 0:00
PP Forward
1 - 58% - 60% - 0:54
2 - 42% - 40% - 0:39
PP Defense
1 - 58% - 60% - 0:54
2 - 42% - 40% - 0:39
PK Forward
1 - 70% - 60% - 10:49
2 - 30% - 40% - 4:41
PK Defense
1 - 57% - 60% - 8:47
2 - 43% - 40% - 6:43
PK3 Forward
1 - 0% - 60%
2 - 0% - 40%
PK3 Defense
1 - 0% - 60%
2 - 0% - 40%
44 Forward
1 - 100% - 60% - 0:26
2 - 0% - 40% - 0:00
44 Defense
1 - 69% - 60% - 0:18
2 - 31% - 40% - 0:08
Last Minute Offensive  - 0:00
Last Minute Defensive  - 0:00
Total
Forward - 60:00
Defense - 60:00

% Time on Ice - WASHINGTON Capitals

Lines # - Real PCT - Wanted PCT - Time Play
Normal Forward
1 - 34% - 40% - 14:33
2 - 26% - 30% - 11:08
3 - 24% - 20% - 10:15
4 - 15% - 10% - 6:35
Normal Defense
1 - 40% - 40% - 16:52
2 - 33% - 30% - 14:11
3 - 27% - 20% - 11:28
4 - 0% - 10% - 0:00
PP Forward
1 - 54% - 60% - 8:21
2 - 46% - 40% - 7:09
PP Defense
1 - 54% - 70% - 8:25
2 - 46% - 30% - 7:05
PK Forward
1 - 100% - 60% - 1:33
2 - 0% - 40% - 0:00
PK Defense
1 - 54% - 60% - 0:50
2 - 46% - 40% - 0:43
PK3 Forward
1 - 0% - 60%
2 - 0% - 40%
PK3 Defense
1 - 0% - 60%
2 - 0% - 40%
44 Forward
1 - 100% - 60% - 0:26
2 - 0% - 40% - 0:00
44 Defense
1 - 69% - 60% - 0:18
2 - 31% - 40% - 0:08
Last Minute Offensive  - 0:00
Last Minute Defensive  - 0:00
Total
Forward - 60:00
Defense - 60:00

Play-by-Play

1st period


0:01 of 1st period - Jamie Benn wins face-off versus William Karlsson in neutral zone.
0:06 of 1st period - Shot by Mats Zuccarello.
0:06 of 1st period - Stopped by Chris Driedger with a rebound.
1:19 of 1st period - Minor Penalty to Tyler Myers for Delaying the game.
1:20 of 1st period - Matt Duchene wins face-off versus Jamie Benn in NEW YORK Rangers zone.
1:21 of 1st period - Shot by Torey Krug.
1:21 of 1st period - Shot Blocked by Cam Fowler.
1:23 of 1st period - Shot by Mario Ferraro.
1:23 of 1st period - Goal by Mario Ferraro - NEW YORK Rangers : 0 - WASHINGTON Capitals : 1.
1:24 of 1st period - Christian Dvorak wins face-off versus Andrew Copp in neutral zone.
1:24 of 1st period - Christian Dvorak is hit by Kasperi Kapanen.
1:32 of 1st period - Shot by Christian Dvorak.
1:32 of 1st period - Shot Blocked by Jacob Middleton.
1:41 of 1st period - Jason Dickinson is hit by Jacob Middleton and loses puck.
1:46 of 1st period - Shot by Christian Dvorak.
1:46 of 1st period - Shot Misses the Net.
1:55 of 1st period - Ryan Strome is hit by Dante Fabbro and loses puck.
2:09 of 1st period - Ryan Strome is hit by Jacob Middleton and loses puck.
2:11 of 1st period - Minor Penalty to Dante Fabbro for Roughing.
2:12 of 1st period - Jamie Benn wins face-off versus William Karlsson in NEW YORK Rangers zone.
2:35 of 1st period - Shot by William Karlsson.
2:35 of 1st period - Shot Blocked by Justin Faulk.
2:37 of 1st period - Shot by John Carlson.
2:37 of 1st period - Shot Misses the Net.
2:53 of 1st period - Shot by Kevin Shattenkirk.
2:53 of 1st period - Shot Misses the Net.
2:55 of 1st period - Shot by John Carlson.
2:55 of 1st period - Stopped by Linus Ullmark without a rebound.
2:56 of 1st period - Matt Duchene wins face-off versus Brayden Schenn in NEW YORK Rangers zone.
3:09 of 1st period - Shot by Ivan Barbashev.
3:09 of 1st period - Stopped by Linus Ullmark without a rebound.
3:10 of 1st period - Brayden Schenn wins face-off versus Matt Duchene in NEW YORK Rangers zone.
3:10 of 1st period - Brayden Schenn is hit by Ivan Barbashev.
3:43 of 1st period - Shot by Ivan Barbashev.
3:43 of 1st period - Shot Blocked by Justin Faulk.
4:14 of 1st period - Barrett Hayton is hit by Dante Fabbro and loses puck.
4:40 of 1st period - Minor Penalty to Jacob Middleton for Delaying the game.
4:41 of 1st period - William Karlsson wins face-off versus Jamie Benn in NEW YORK Rangers zone.
7:07 of 1st period - Shot by Ian Cole.
7:07 of 1st period - Stopped by Linus Ullmark without a rebound.
7:08 of 1st period - Christian Dvorak wins face-off versus Casey Cizikas in NEW YORK Rangers zone.
7:09 of 1st period - Shot by Jason Dickinson.
7:09 of 1st period - Shot Blocked by Justin Faulk.
7:37 of 1st period - Shot by Ryan Strome.
7:37 of 1st period - Stopped by Linus Ullmark without a rebound.
7:38 of 1st period - Jamie Benn wins face-off versus Matt Duchene in NEW YORK Rangers zone.
8:03 of 1st period - Shot by Jamie Benn.
8:03 of 1st period - Shot Misses the Net.
8:05 of 1st period - Shot by Chris Kreider.
8:05 of 1st period - Shot Misses the Net.
8:07 of 1st period - Shot by Jamie Benn.
8:07 of 1st period - Stopped by Chris Driedger without a rebound.
8:08 of 1st period - William Karlsson wins face-off versus Brayden Schenn in WASHINGTON Capitals zone.
8:43 of 1st period - William Karlsson is hit by Brayden Schenn.
9:36 of 1st period - Icing by Kevin Shattenkirk.
9:37 of 1st period - Matt Duchene wins face-off versus Andrew Copp in WASHINGTON Capitals zone.
9:48 of 1st period - Shot by Casey Mittelstadt.
9:48 of 1st period - Deflect By Brock Boeser.
9:48 of 1st period - Stopped by Linus Ullmark with a rebound.
9:59 of 1st period - Minor Penalty to Dante Fabbro for Unsportsmanlike conduct.
10:00 of 1st period - Matt Duchene wins face-off versus Jamie Benn in NEW YORK Rangers zone.
10:37 of 1st period - Shot by Justin Faulk.
10:37 of 1st period - Shot Hit the Post.
11:03 of 1st period - Shot by Mario Ferraro.
11:03 of 1st period - Shot Blocked by Cam Fowler.
11:05 of 1st period - Shot by Torey Krug.
11:05 of 1st period - Shot Misses the Net.
11:07 of 1st period - Shot by William Karlsson.
11:07 of 1st period - Stopped by Linus Ullmark without a rebound.
11:08 of 1st period - William Karlsson wins face-off versus Brayden Schenn in NEW YORK Rangers zone.
11:09 of 1st period - Shot by Mario Ferraro.
11:09 of 1st period - Stopped by Linus Ullmark with a rebound.
11:40 of 1st period - Icing by Torey Krug.
11:41 of 1st period - Jamie Benn wins face-off versus Pavel Buchnevich in WASHINGTON Capitals zone.
13:06 of 1st period - Shot by Brayden Schenn.
13:06 of 1st period - Goal by Brayden Schenn - NEW YORK Rangers : 1 - WASHINGTON Capitals : 1.
13:07 of 1st period - Jamie Benn wins face-off versus Brock Boeser in neutral zone.
13:12 of 1st period - Shot by Mats Zuccarello.
13:12 of 1st period - Shot Misses the Net.
13:14 of 1st period - Shot by Jamie Benn.
13:14 of 1st period - Deflect By Mats Zuccarello.
13:14 of 1st period - Goal by Mats Zuccarello - NEW YORK Rangers : 2 - WASHINGTON Capitals : 1.
13:15 of 1st period - Matt Duchene wins face-off versus Jamie Benn in neutral zone.
13:28 of 1st period - Shot by Jamie Benn.
13:28 of 1st period - Stopped by Chris Driedger without a rebound.
13:29 of 1st period - William Karlsson wins face-off versus Brayden Schenn in WASHINGTON Capitals zone.
13:29 of 1st period - William Karlsson is hit by Brayden Schenn.
14:05 of 1st period - Justin Faulk is hit by Pavel Buchnevich.
14:50 of 1st period - Chris Kreider is hit by Ivan Barbashev and loses puck.
15:16 of 1st period - Brock Boeser is hit by Tyler Myers.
15:50 of 1st period - Matt Duchene is hit by Tyler Myers and loses puck.
16:15 of 1st period - Justin Faulk is hit by Jason Dickinson and loses puck.
16:39 of 1st period - Off-side.
16:40 of 1st period - Sam Steel wins face-off versus Brayden Schenn in neutral zone.
16:56 of 1st period - Conor Garland is hit by Mario Ferraro and loses puck.
17:04 of 1st period - Timo Meier is hit by Carson Soucy.
17:06 of 1st period - Shot by Brayden Schenn.
17:06 of 1st period - Stopped by Chris Driedger without a rebound.
17:07 of 1st period - Christian Dvorak wins face-off versus Casey Cizikas in WASHINGTON Capitals zone.
17:07 of 1st period - Christian Dvorak is hit by Ryan Lomberg.
17:26 of 1st period - Icing by Ian Cole.
17:27 of 1st period - Jason Dickinson wins face-off versus Brayden Schenn in WASHINGTON Capitals zone.
17:40 of 1st period - Shot by Dante Fabbro.
17:40 of 1st period - Stopped by Chris Driedger with a rebound.
17:42 of 1st period - Shot by Timo Meier.
17:42 of 1st period - Deflect By Conor Garland.
17:42 of 1st period - Stopped by Chris Driedger with a rebound.
17:44 of 1st period - Shot by Conor Garland.
17:44 of 1st period - Stopped by Chris Driedger without a rebound.
17:45 of 1st period - William Karlsson wins face-off versus Casey Cizikas in WASHINGTON Capitals zone.
17:59 of 1st period - Off-side.
18:00 of 1st period - Jamie Benn wins face-off versus Matt Duchene in neutral zone.
18:08 of 1st period - Cam Fowler is hit by Matt Duchene.
18:21 of 1st period - Matt Duchene is hit by Tyler Myers and loses puck.
18:24 of 1st period - Shot by Matt Duchene.
18:24 of 1st period - Shot Misses the Net.
19:12 of 1st period - Shot by Pavel Buchnevich.
19:12 of 1st period - Shot Misses the Net.
19:14 of 1st period - Shot by Pavel Buchnevich.
19:14 of 1st period - Shot Misses the Net.
19:16 of 1st period - Shot by William Karlsson.
19:16 of 1st period - Deflect By Pavel Buchnevich.
19:16 of 1st period - Shot Blocked by Tyler Myers.
19:18 of 1st period - Shot by Pavel Buchnevich.
19:18 of 1st period - Shot Misses the Net.
19:20 of 1st period - Shot by William Karlsson.
19:20 of 1st period - Deflect By Pavel Buchnevich.
19:20 of 1st period - Stopped by Linus Ullmark without a rebound.
19:21 of 1st period - Christian Dvorak wins face-off versus Brayden Schenn in NEW YORK Rangers zone.
Goals for this period are 2 for NEW YORK Rangers vs 1 for WASHINGTON Capitals.
Shots for this period are 9 for NEW YORK Rangers vs 9 for WASHINGTON Capitals.

2nd period


0:01 of 2nd period - William Karlsson wins face-off versus Jamie Benn in neutral zone.
0:03 of 2nd period - Kevin Shattenkirk is hit by Jamie Benn and loses puck.
0:14 of 2nd period - Shot by Jamie Benn.
0:14 of 2nd period - Shot Misses the Net.
0:16 of 2nd period - Shot by Jared Spurgeon.
0:16 of 2nd period - Stopped by Chris Driedger without a rebound.
0:17 of 2nd period - Brayden Schenn wins face-off versus Matt Duchene in WASHINGTON Capitals zone.
0:17 of 2nd period - Brayden Schenn is hit by Ian Cole.
0:51 of 2nd period - Shot by Conor Garland.
0:51 of 2nd period - Shot Blocked by Casey Mittelstadt.
0:53 of 2nd period - Shot by Conor Garland.
0:53 of 2nd period - Stopped by Chris Driedger without a rebound.
0:54 of 2nd period - Jamie Benn wins face-off versus Pavel Buchnevich in WASHINGTON Capitals zone.
0:59 of 2nd period - Shot by Mats Zuccarello.
0:59 of 2nd period - Shot Misses the Net.
1:01 of 2nd period - Shot by Jared Spurgeon.
1:01 of 2nd period - Shot Misses the Net.
1:19 of 2nd period - Shot by Pavel Buchnevich.
1:19 of 2nd period - Stopped by Linus Ullmark with a rebound.
2:30 of 2nd period - Shot by Kasperi Kapanen.
2:30 of 2nd period - Stopped by Chris Driedger without a rebound.
2:31 of 2nd period - Brayden Schenn wins face-off versus Christian Dvorak in WASHINGTON Capitals zone.
2:39 of 2nd period - Timo Meier is hit by Mario Ferraro and loses puck.
2:42 of 2nd period - Shot by Brayden Schenn.
2:42 of 2nd period - Deflect By Timo Meier.
2:42 of 2nd period - Stopped by Chris Driedger with a rebound.
2:44 of 2nd period - Shot by Timo Meier.
2:44 of 2nd period - Shot Blocked by Mario Ferraro.
2:49 of 2nd period - Timo Meier is hit by Carson Soucy.
3:34 of 2nd period - Icing by Justin Faulk.
3:35 of 2nd period - Casey Cizikas wins face-off versus William Karlsson in NEW YORK Rangers zone.
3:35 of 2nd period - Vladislav Namestnikov is hit by Ivan Barbashev.
3:56 of 2nd period - Shot by Ivan Barbashev.
3:56 of 2nd period - Shot Misses the Net.
3:58 of 2nd period - Shot by Ivan Barbashev.
3:58 of 2nd period - Deflect By William Karlsson.
3:58 of 2nd period - Stopped by Linus Ullmark without a rebound.
3:59 of 2nd period - Matt Duchene wins face-off versus Jamie Benn in NEW YORK Rangers zone.
4:28 of 2nd period - Brock Boeser is hit by Jacob Middleton and loses puck.
4:55 of 2nd period - William Karlsson is hit by Dante Fabbro and loses puck.
5:17 of 2nd period - Minor Penalty to Jacob Middleton for Hooking.
5:18 of 2nd period - Brayden Schenn wins face-off versus Matt Duchene in NEW YORK Rangers zone.
5:52 of 2nd period - Andrew Copp is hit by Ivan Barbashev and loses puck.
6:51 of 2nd period - Shot by Ryan Strome.
6:51 of 2nd period - Stopped by Linus Ullmark without a rebound.
6:52 of 2nd period - Matt Duchene wins face-off versus Brayden Schenn in NEW YORK Rangers zone.
7:09 of 2nd period - Shot by Ryan Strome.
7:09 of 2nd period - Stopped by Linus Ullmark without a rebound.
7:10 of 2nd period - William Karlsson wins face-off versus Brayden Schenn in NEW YORK Rangers zone.
7:23 of 2nd period - Sam Steel is hit by Ryan Lomberg and loses puck.
8:42 of 2nd period - Ryan Strome is hit by Brayden Schenn and loses puck.
9:18 of 2nd period - Shot by Ivan Barbashev.
9:18 of 2nd period - Shot Misses the Net.
9:20 of 2nd period - Shot by William Karlsson.
9:20 of 2nd period - Stopped by Linus Ullmark without a rebound.
9:21 of 2nd period - Matt Duchene wins face-off versus Mats Zuccarello in NEW YORK Rangers zone.
9:27 of 2nd period - Off-side.
9:28 of 2nd period - William Karlsson wins face-off versus Jamie Benn in neutral zone.
9:28 of 2nd period - William Karlsson is hit by Jamie Benn.
10:01 of 2nd period - Pavel Buchnevich is hit by Tyler Myers and loses puck.
10:04 of 2nd period - Shot by Pavel Buchnevich.
10:04 of 2nd period - Deflect By Ivan Barbashev.
10:04 of 2nd period - Shot Blocked by Tyler Myers.
10:06 of 2nd period - Shot by Ivan Barbashev.
10:06 of 2nd period - Stopped by Linus Ullmark without a rebound.
10:07 of 2nd period - Andrew Copp wins face-off versus Matt Duchene in NEW YORK Rangers zone.
10:12 of 2nd period - Ian Cole is hit by Kasperi Kapanen and loses puck.
10:18 of 2nd period - Icing by Brock Boeser.
10:19 of 2nd period - Matt Duchene wins face-off versus Casey Cizikas in WASHINGTON Capitals zone.
10:33 of 2nd period - Casey Cizikas is hit by Casey Mittelstadt.
10:40 of 2nd period - Off-side.
10:41 of 2nd period - Jamie Benn wins face-off versus William Karlsson in neutral zone.
10:58 of 2nd period - Shot by Mats Zuccarello.
10:58 of 2nd period - Shot Misses the Net.
11:01 of 2nd period - Minor Penalty to Chris Kreider for High sticking.
11:02 of 2nd period - Jamie Benn wins face-off versus Matt Duchene in NEW YORK Rangers zone.
11:38 of 2nd period - Shot by Torey Krug.
11:38 of 2nd period - Shot Blocked by Justin Faulk.
11:44 of 2nd period - Shot by Mario Ferraro.
11:44 of 2nd period - Shot Blocked by Jared Spurgeon.
12:01 of 2nd period - Off-side.
12:02 of 2nd period - William Karlsson wins face-off versus Vladislav Namestnikov in neutral zone.
13:06 of 2nd period - Icing by Ian Cole.
13:07 of 2nd period - Barrett Hayton wins face-off versus Conor Garland in WASHINGTON Capitals zone.
13:44 of 2nd period - Shot by Ross Colton.
13:44 of 2nd period - Stopped by Linus Ullmark without a rebound.
13:45 of 2nd period - Matt Duchene wins face-off versus Andrew Copp in NEW YORK Rangers zone.
13:52 of 2nd period - Shot by Casey Mittelstadt.
13:52 of 2nd period - Goal by Casey Mittelstadt - NEW YORK Rangers : 2 - WASHINGTON Capitals : 2.
13:53 of 2nd period - Jamie Benn wins face-off versus William Karlsson in neutral zone.
14:38 of 2nd period - John Carlson is hit by Jamie Benn and loses puck.
15:35 of 2nd period - Casey Mittelstadt is hit by Tyler Myers and loses puck.
16:02 of 2nd period - Off-side.
16:03 of 2nd period - Sam Steel wins face-off versus Brayden Schenn in neutral zone.
16:03 of 2nd period - Sam Steel is hit by Brayden Schenn.
16:54 of 2nd period - Minor Penalty to Jacob Middleton for Roughing.
16:55 of 2nd period - Pavel Buchnevich wins face-off versus Jamie Benn in NEW YORK Rangers zone.
16:55 of 2nd period - William Karlsson is hit by Jared Spurgeon.
17:15 of 2nd period - Shot by Pavel Buchnevich.
17:15 of 2nd period - Shot Blocked by Jared Spurgeon.
17:17 of 2nd period - Shot by William Karlsson.
17:17 of 2nd period - Shot Blocked by Jared Spurgeon.
17:19 of 2nd period - Shot by William Karlsson.
17:19 of 2nd period - Stopped by Linus Ullmark without a rebound.
17:20 of 2nd period - Jamie Benn wins face-off versus Matt Duchene in NEW YORK Rangers zone.
17:35 of 2nd period - Shot by John Carlson.
17:35 of 2nd period - Shot Misses the Net.
17:57 of 2nd period - Shot by John Carlson.
17:57 of 2nd period - Stopped by Linus Ullmark without a rebound.
17:58 of 2nd period - Brayden Schenn wins face-off versus William Karlsson in NEW YORK Rangers zone.
17:58 of 2nd period - Brayden Schenn is hit by Pavel Buchnevich.
19:04 of 2nd period - Shot by Casey Cizikas.
19:04 of 2nd period - Shot Misses the Net.
19:13 of 2nd period - Minor Penalty to Jacob Middleton for Slashing.
19:14 of 2nd period - Matt Duchene wins face-off versus Jamie Benn in NEW YORK Rangers zone.
19:32 of 2nd period - Shot by John Carlson.
19:32 of 2nd period - Shot Blocked by Justin Faulk.
19:34 of 2nd period - Shot by John Carlson.
19:34 of 2nd period - Deflect By Ivan Barbashev.
19:34 of 2nd period - Shot Misses the Net.
19:36 of 2nd period - Shot by Matt Duchene.
19:36 of 2nd period - Shot Blocked by Justin Faulk.
19:38 of 2nd period - Shot by Kevin Shattenkirk.
19:38 of 2nd period - Stopped by Linus Ullmark with a rebound.
19:40 of 2nd period - Shot by Ivan Barbashev.
19:40 of 2nd period - Shot Blocked by Justin Faulk.
Goals for this period are 0 for NEW YORK Rangers vs 1 for WASHINGTON Capitals.
Shots for this period are 4 for NEW YORK Rangers vs 11 for WASHINGTON Capitals.

3rd period


0:01 of 3rd period - William Karlsson wins face-off versus Jamie Benn in neutral zone.
0:32 of 3rd period - Shot by John Carlson.
0:32 of 3rd period - Shot Misses the Net.
0:34 of 3rd period - Shot by Pavel Buchnevich.
0:34 of 3rd period - Shot Misses the Net.
0:36 of 3rd period - Shot by Brock Boeser.
0:36 of 3rd period - Deflect By Pavel Buchnevich.
0:36 of 3rd period - Shot Misses the Net.
0:43 of 3rd period - Pavel Buchnevich is hit by Justin Faulk and loses puck.
1:00 of 3rd period - Chris Kreider is hit by Matt Duchene and loses puck.
1:15 of 3rd period - Shot by Torey Krug.
1:15 of 3rd period - Shot Blocked by Dante Fabbro.
1:23 of 3rd period - Shot by Sam Steel.
1:23 of 3rd period - Stopped by Linus Ullmark without a rebound.
1:24 of 3rd period - Casey Cizikas wins face-off versus Barrett Hayton in NEW YORK Rangers zone.
1:24 of 3rd period - Cam Fowler is hit by Barrett Hayton.
1:31 of 3rd period - Off-side.
1:32 of 3rd period - Christian Dvorak wins face-off versus Jamie Benn in neutral zone.
1:39 of 3rd period - Jamie Benn is hit by Carson Soucy and loses puck.
2:32 of 3rd period - Shot by Timo Meier.
2:32 of 3rd period - Stopped by Chris Driedger with a rebound.
2:53 of 3rd period - Conor Garland is hit by Kevin Shattenkirk and loses puck.
3:03 of 3rd period - Brayden Schenn is hit by Kevin Shattenkirk and loses puck.
3:28 of 3rd period - Shot by Kasperi Kapanen.
3:28 of 3rd period - Shot Blocked by John Carlson.
3:30 of 3rd period - Shot by Andrew Copp.
3:30 of 3rd period - Shot Blocked by John Carlson.
3:34 of 3rd period - Shot by Kasperi Kapanen.
3:34 of 3rd period - Shot Blocked by William Karlsson.
3:36 of 3rd period - Shot by Andrew Copp.
3:36 of 3rd period - Deflect By Kasperi Kapanen.
3:36 of 3rd period - Shot Misses the Net.
3:44 of 3rd period - Shot by Kasperi Kapanen.
3:44 of 3rd period - Stopped by Chris Driedger with a rebound.
4:31 of 3rd period - William Karlsson is hit by Chris Kreider and loses puck.
5:03 of 3rd period - Shot by Jamie Benn.
5:03 of 3rd period - Stopped by Chris Driedger without a rebound.
5:04 of 3rd period - Brock Boeser wins face-off versus Timo Meier in WASHINGTON Capitals zone.
5:19 of 3rd period - Shot by Timo Meier.
5:19 of 3rd period - Stopped by Chris Driedger with a rebound.
5:49 of 3rd period - Shot by Brayden Schenn.
5:49 of 3rd period - Stopped by Chris Driedger without a rebound.
5:50 of 3rd period - Jamie Benn wins face-off versus Christian Dvorak in WASHINGTON Capitals zone.
6:24 of 3rd period - Minor Penalty to Jamie Benn for Roughing.
6:25 of 3rd period - Matt Duchene wins face-off versus Brayden Schenn in NEW YORK Rangers zone.
7:48 of 3rd period - Icing by Carson Soucy.
7:49 of 3rd period - Christian Dvorak wins face-off versus Brayden Schenn in WASHINGTON Capitals zone.
7:57 of 3rd period - Minor Penalty to Ivan Barbashev for Tripping.
7:58 of 3rd period - William Karlsson wins face-off versus Brayden Schenn in WASHINGTON Capitals zone.
8:15 of 3rd period - Off-side.
8:16 of 3rd period - Brayden Schenn wins face-off versus William Karlsson in neutral zone.
8:37 of 3rd period - Christian Dvorak is hit by Kasperi Kapanen and loses puck.
9:22 of 3rd period - Shot by Justin Faulk.
9:22 of 3rd period - Stopped by Chris Driedger with a rebound.
9:24 of 3rd period - Shot by Jared Spurgeon.
9:24 of 3rd period - Stopped by Chris Driedger without a rebound.
9:25 of 3rd period - Jamie Benn wins face-off versus Barrett Hayton in WASHINGTON Capitals zone.
9:28 of 3rd period - Shot by Jared Spurgeon.
9:28 of 3rd period - Stopped by Chris Driedger with a rebound.
9:30 of 3rd period - Shot by Justin Faulk.
9:30 of 3rd period - Stopped by Chris Driedger without a rebound.
9:31 of 3rd period - Jamie Benn wins face-off versus Barrett Hayton in WASHINGTON Capitals zone.
9:32 of 3rd period - Shot by Jared Spurgeon.
9:32 of 3rd period - Shot Hit the Post.
9:56 of 3rd period - Shot by Chris Kreider.
9:56 of 3rd period - Stopped by Chris Driedger with a rebound.
9:58 of 3rd period - Shot by Ryan Lomberg.
9:58 of 3rd period - Shot Misses the Net.
10:00 of 3rd period - Shot by Casey Cizikas.
10:00 of 3rd period - Goal by Casey Cizikas - NEW YORK Rangers : 3 - WASHINGTON Capitals : 2.
10:01 of 3rd period - Matt Duchene wins face-off versus Casey Cizikas in neutral zone.
10:13 of 3rd period - Ryan Lomberg is hit by Ian Cole and loses puck.
11:32 of 3rd period - Shot by Timo Meier.
11:32 of 3rd period - Stopped by Chris Driedger without a rebound.
11:33 of 3rd period - Jamie Benn wins face-off versus William Karlsson in WASHINGTON Capitals zone.
12:10 of 3rd period - Shot by Pavel Buchnevich.
12:10 of 3rd period - Deflect By William Karlsson.
12:10 of 3rd period - Shot Blocked by Dante Fabbro.
12:12 of 3rd period - Shot by Carson Soucy.
12:12 of 3rd period - Stopped by Linus Ullmark with a rebound.
12:14 of 3rd period - Shot by Carson Soucy.
12:14 of 3rd period - Stopped by Linus Ullmark with a rebound.
12:34 of 3rd period - Icing by Jason Dickinson.
12:35 of 3rd period - Christian Dvorak wins face-off versus Brayden Schenn in WASHINGTON Capitals zone.
14:10 of 3rd period - William Karlsson is hit by Tyler Myers and loses puck.
14:13 of 3rd period - Shot by William Karlsson.
14:13 of 3rd period - Stopped by Linus Ullmark without a rebound.
14:14 of 3rd period - Matt Duchene wins face-off versus Jamie Benn in NEW YORK Rangers zone.
14:14 of 3rd period - Matt Duchene is hit by Jacob Middleton.
14:47 of 3rd period - Icing by Mario Ferraro.
14:48 of 3rd period - Casey Cizikas wins face-off versus Matt Duchene in WASHINGTON Capitals zone.
15:07 of 3rd period - Shot by Vladislav Namestnikov.
15:07 of 3rd period - Shot Misses the Net.
15:09 of 3rd period - Shot by Vladislav Namestnikov.
15:09 of 3rd period - Goal by Vladislav Namestnikov - NEW YORK Rangers : 4 - WASHINGTON Capitals : 2.
15:10 of 3rd period - William Karlsson wins face-off versus Brayden Schenn in neutral zone.
15:19 of 3rd period - Torey Krug is hit by Timo Meier and loses puck.
15:28 of 3rd period - Shot by Pavel Buchnevich.
15:28 of 3rd period - Stopped by Linus Ullmark without a rebound.
15:29 of 3rd period - Jamie Benn wins face-off versus Barrett Hayton in NEW YORK Rangers zone.
15:50 of 3rd period - Shot by Chris Kreider.
15:50 of 3rd period - Shot Misses the Net.
16:43 of 3rd period - Conor Garland is hit by Ian Cole and loses puck.
16:48 of 3rd period - Shot by Brayden Schenn.
16:48 of 3rd period - Shot Misses the Net.
18:16 of 3rd period - Off-side.
18:17 of 3rd period - Jamie Benn wins face-off versus Christian Dvorak in neutral zone.
18:19 of 3rd period - Jared Spurgeon is hit by Kevin Shattenkirk and loses puck.
19:00 of 3rd period - Shot by Jamie Benn.
19:00 of 3rd period - Shot Misses the Net.
19:02 of 3rd period - Shot by Mats Zuccarello.
19:02 of 3rd period - Stopped by Chris Driedger without a rebound.
19:03 of 3rd period - Timo Meier wins face-off versus William Karlsson in WASHINGTON Capitals zone.
19:34 of 3rd period - Shot by Conor Garland.
19:34 of 3rd period - Shot Misses the Net.
Goals for this period are 2 for NEW YORK Rangers vs 0 for WASHINGTON Capitals.
Shots for this period are 14 for NEW YORK Rangers vs 5 for WASHINGTON Capitals. Output by the SimonT Hockey Simulator (STHS) for Martin Benoit - Original Page W3C HTML5 Valid
Hockey Simulator - Hockey Simulation - Hockey Manager